 Dungeon Crawl Stone Soup version 0.27-a0-3-gcf006a40f5 (webtiles) character file.

Game seed: 11735183548629453118

18906 Dirian the Severer (level 12, -8/110 HPs)
             Began as a Minotaur Fighter on Jan 1, 2021.
             Was a High Priest of Trog.
             Shot with an arrow by a centaur warrior (19 damage)
             ... on level 13 of the Dungeon.
             The game lasted 00:20:45 (9250 turns).

Dirian the Severer (Minotaur Fighter)               Turns: 9250, Time: 00:20:45

Health: -8/110     AC: 13    Str: 36    XL:     12   Next: 31%
Magic:  11/11      EV:  8    Int:  5    God:    Trog [*****.]
Gold:   585        SH: 13    Dex: 20    Spells: 11/11 levels left

rFire    . . .     SeeInvis .   k - +2 war axe (vamp)
rCold    . . .     Faith    .   c - +1 kite shield
rNeg     . . .     Spirit   .   o - +5 ring mail of Hicsavvaito {Rampage Str+8 Dex-2 Stlth-}
rPois    +         Reflect  .   (helmet restricted)
rElec    .         Harm     .   (no cloak)
rCorr    .         Rampage  +   (no gloves)
Will     ++...                  p - +0 pair of boots
Stlth    ..........             y - amulet "Cepsehef" {rPois Regen+ Str-3 Dex+5}
HPRegen  1.68/turn              A - +6 ring of dexterity
MPRegen  0.12/turn              u - +6 ring of strength

@: regenerating
A: retaliatory headbutt, horns 2
a: Renounce Religion, Berserk, Trog's Hand, Brothers in Arms


You were on level 13 of the Dungeon.
You worshipped Trog.
Trog was extremely pleased with you.
You visited 1 branch of the dungeon, and saw 13 of its levels.

You collected 690 gold pieces.
You spent 105 gold pieces at shops.

Inventory:

Hand Weapons
 k - a +2 vampiric war axe (weapon)
Armour
 c - a +1 kite shield (worn)
 o - the +5 ring mail of Hicsavvaito (worn) {Rampage Str+8 Dex-2 Stlth-}
   (You found it on level 5 of the Dungeon)

   It affects your strength (+8).
   It affects your dexterity (-2).
   It bestows one free step when moving towards enemies.
   It makes you less stealthy.
 p - a +0 pair of boots (worn)
 B - a +0 plate armour
Jewellery
 s - an uncursed ring of positive energy
 u - a +6 ring of strength (right hand)
 y - the amulet "Cepsehef" (around neck) {rPois Regen+ Str-3 Dex+5}
   (You bought it in a shop on level 7 of the Dungeon)

   [amulet of regeneration]

   It affects your strength (-3).
   It affects your dexterity (+5).
   It protects you from poison.
   It increases your rate of regeneration.
 A - a +6 ring of dexterity (left hand)
Wands
 b - a wand of polymorph (7)
 e - a wand of acid (8)
 j - a wand of flame (15)
 v - a wand of digging (5)
 C - a wand of iceblast (15)
Scrolls
 a - 2 scrolls of fear
 t - 11 scrolls of teleportation
 x - 10 scrolls of remove curse
 z - a scroll of blinking
 D - 3 scrolls of enchant weapon
 E - 3 scrolls of enchant armour
Potions
 d - 2 potions of might
 f - a potion of berserk rage
 g - a potion of attraction
 h - 2 potions of haste
 i - 2 potions of lignification
 l - 2 potions of flight
 m - 2 potions of mutation
 n - 2 potions of ambrosia
 q - 5 potions of curing
 w - 4 potions of heal wounds


   Skills:
 + Level 11.5 Fighting
 - Level 16.0 Axes
 + Level 9.4 Armour
 - Level 5.1 Shields
 * Level 8.0 Evocations


You had 11 spell levels left.
You didn't know any spells.
Your spell library was empty.

Dungeon Overview and Level Annotations

Branches:
Dungeon (13/15)            Temple (0/1) D:5            Lair (0/6) D:10
    Orc (0/2) D:9          Vaults (0/5) D:13

Altars:
Ashenzari
Cheibriados
Fedhas
Gozag
Kikubaaqudgha
Nemelex Xobeh
Trog
Vehumet
Yredelemnul

Shops:
D:6 *   D:7 ***

Annotations:
D:2 1 runed translucent door
D:13 Urug


Innate Abilities, Weirdness & Mutations

You reflexively headbutt those who attack you in melee.
You have a pair of horns on your head.


Message History

The centaur shouts!
A centaur comes into view.
The centaur unwields a +0 shortbow.
You block the centaur's attack.
The centaur warrior shoots an arrow.
The arrow hits you.
You barely miss the centaur.
The centaur is moderately wounded.
The centaur warrior shoots an arrow.
The arrow hits you! The centaur hits you!
* * * LOW HITPOINT WARNING * * *
A centaur comes into view.
The centaur wields a +0 shortbow.
The centaur shoots an arrow.
The arrow barely misses you.
The centaur warrior shoots an arrow.
You block the arrow.
A centaur comes into view.
You slice the centaur!!
You kill the centaur!
Trog accepts your kill.
The centaur warrior shoots an arrow.
The arrow hits you!!
* * * LOW HITPOINT WARNING * * *
The centaur warrior shoots an arrow.
The arrow hits you!!
You die...

..........
.........#
........(#
.........#
.#
.........#
.#
.........#
.###
.........#
....
.......)<#
....
...c.p(@)#
....
......).)#
....
.........#
p..#
.........#
...#
.......c.#
...#
.......cc#
...#
......c..#
...#
.......c.#
...#


You could see 2 centaur warriors, a human and 4 centaurs.

Vanquished Creatures
  Snorg (D:10)
  A boulder beetle (D:11)
  3 two-headed ogres
  The ghost of emiel the Skirmisher, a novice DsWn of Cheibriados (D:11)
  2 ugly things (D:12)
  3 cyclopes
  A gargoyle (D:12)
  A komodo dragon (D:10)
  3 trolls
  4 slime creatures (D:12)
  5 wyverns
  20 yaks
  A basilisk (D:10)
  A warg (D:9)
  A soldier ant (D:11)
  A water moccasin (D:6)
  5 orc warriors
  2 ice beasts
  A phantom (D:6)
  3 sky beasts
  A swamp drake (D:10)
  3 black bears
  2 necrophages
  5 ogres
  17 centaurs
  A big kobold (D:11)
  5 bullfrogs
  A water moccasin skeleton (D:10)
  2 scorpions
  A wyvern skeleton (D:11)
  13 killer bees
  3 howler monkeys (D:7)
  2 bullfrog zombies
  2 quasits
  5 hounds
  4 centaur skeletons
  8 orc priests
  7 jellies
  18 orc wizards
  A bullfrog skeleton (D:12)
  A human skeleton (D:2)
  2 iguanas
  5 worker ants
  2 hound zombies
  A hound skeleton (D:10)
  4 gnolls (D:4)
  A howler monkey skeleton (D:7)
  8 adders
  2 white imps (D:8)
  An ooze (D:2)
  3 ufetubi
  2 adder skeletons (D:9)
  2 worms
  4 dart slugs
  2 leopard geckos
  51 orcs
  6 giant cockroaches
  7 goblins
  8 hobgoblins
  6 jackals (D:2)
  4 quokkas
  A ball python (D:1)
  9 bats
  5 frilled lizards
  A jackal skeleton (D:2)
  10 kobolds
  A quokka skeleton (D:4)
  2 rats (D:2)
312 creatures vanquished.

Vanquished Creatures (others)
  A human (D:9)
  An orc wizard (D:12)
2 creatures vanquished.

Grand Total: 314 creatures vanquished

Notes
Turn   | Place    | Note
-------+----------+-------------------------------------------
     0 | D:1      | Dirian the Minotaur Fighter began the quest for the Orb.
     0 | D:1      | Reached XP level 1. HP: 19/19 MP: 0/0
   185 | D:1      | Reached XP level 2. HP: 27/27 MP: 1/1
   435 | D:1      | Reached skill level 3 in Axes
   462 | D:1      | Reached XP level 3. HP: 33/33 MP: 2/2
   941 | D:2      | Found a runed translucent door.
   941 | D:2      | Noticed a human
   950 | D:2      | Found a basalt altar of Yredelemnul.
   958 | D:2      | Reached skill level 4 in Axes
   958 | D:2      | Reached XP level 4. HP: 40/40 MP: 3/3
  1974 | D:3      | Found a bloodstained altar of Trog.
  2129 | D:3      | Reached XP level 5. HP: 47/47 MP: 4/4
  2191 | D:3      | Found a blossoming altar of Fedhas.
  2252 | D:3      | Found a radiant altar of Vehumet.
  2395 | D:3      | Became a worshipper of Trog the Wrathful
  2420 | D:4      | Reached skill level 5 in Axes
  2475 | D:4      | Reached XP level 6. HP: 46/53 MP: 5/5
  2650 | D:4      | Reached skill level 6 in Axes
  2655 | D:4      | Reached skill level 5 in Fighting
  2655 | D:4      | Reached skill level 5 in Armour
  2655 | D:4      | Reached skill level 5 in Shields
  2953 | D:5      | Entered Level 5 of the Dungeon
  3186 | D:5      | Found a staircase to the Ecumenical Temple.
  3253 | D:5      | Reached XP level 7. HP: 61/61 MP: 6/6
  3424 | D:5      | Found a broken altar of Ashenzari.
  3472 | D:5      | Reached skill level 7 in Axes
  3566 | D:5      | Got a faintly humming ring mail
  3576 | D:5      | Identified the +5 ring mail of Hicsavvaito {Rampage Str+8
                  | Dex-2 Stlth-} (You found it on level 5 of the Dungeon)
  3659 | D:6      | Reached * piety under Trog
  3660 | D:6      | Reached skill level 1 in Evocations
  3671 | D:6      | Found a snail-covered altar of Cheibriados.
  3672 | D:6      | Found an opulent altar of Gozag.
  3717 | D:6      | Found Losaufou's Assorted Antiques.
  3930 | D:6      | Reached skill level 8 in Axes
  3970 | D:6      | Reached XP level 8. HP: 67/69 MP: 7/7
  4199 | D:6      | Reached skill level 9 in Axes
  4369 | D:7      | Found Seynn's Assorted Antiques.
  4381 | D:7      | Bought a flickering emerald amulet for 105 gold pieces
  4381 | D:7      | Identified the amulet "Cepsehef" {rPois Regen+ Str-3 Dex+5}
                  | (You bought it in a shop on level 7 of the Dungeon)
  4425 | D:7      | Reached ** piety under Trog
  4537 | D:7      | Reached skill level 10 in Axes
  4588 | D:7      | Reached XP level 9. HP: 78/78 MP: 8/8
  4612 | D:7      | Found Wominerch's General Store.
  4724 | D:7      | Found a sparkling altar of Nemelex Xobeh.
  4793 | D:7      | Found Roerph's Assorted Antiques.
  5127 | D:8      | Noticed a cyclops
  5141 | D:8      | Killed a cyclops
  5141 | D:8      | Reached *** piety under Trog
  5142 | D:8      | Reached skill level 11 in Axes
  5971 | D:9      | Noticed a seven-headed hydra
  6113 | D:9      | Noticed a two-headed ogre
  6121 | D:9      | Killed a two-headed ogre
  6122 | D:9      | Reached skill level 12 in Axes
  6122 | D:9      | Reached XP level 10. HP: 72/88 MP: 9/9
  6123 | D:9      | Reached skill level 5 in Evocations
  6181 | D:9      | Found a staircase to the Orcish Mines.
  6316 | D:9      | Reached skill level 13 in Axes
  6370 | D:9      | Reached **** piety under Trog
  6371 | D:9      | Found an ancient bone altar of Kikubaaqudgha.
  6508 | D:10     | Entered Level 10 of the Dungeon
  6695 | D:10     | Noticed Snorg
  6710 | D:10     | Killed Snorg
  7110 | D:10     | Reached skill level 14 in Axes
  7131 | D:10     | Found a staircase to the Lair.
  7234 | D:10     | Reached XP level 11. HP: 97/97 MP: 10/10
  7475 | D:11     | Noticed a two-headed ogre
  7488 | D:11     | Killed a two-headed ogre
  7763 | D:11     | Found a transporter.
  7785 | D:11     | Reached ***** piety under Trog
  7801 | D:11     | Noticed emiel's ghost (novice DsWn)
  7803 | D:11     | Found a transporter.
  8081 | D:11     | Noticed a boulder beetle
  8111 | D:11     | Killed a boulder beetle
  8220 | D:11     | Reached skill level 10 in Fighting
  8341 | D:11     | Reached skill level 15 in Axes
  8628 | D:11     | Identified the cursed +1 great mace of Sin {vorpal, Dex+3}
  8628 | D:11     | Identified the +8 dire flail "Demonbane" {vorpal, Fragile
                  | +Blink Int+4 Dex+5}
  8628 | D:11     | Noticed a two-headed ogre
  8739 | D:11     | Killed emiel's ghost
  8747 | D:11     | Killed a two-headed ogre
  8844 | D:12     | Noticed a brown ugly thing
  8859 | D:12     | Killed a brown ugly thing
  8953 | D:12     | Noticed a red ugly thing
  8956 | D:12     | Reached XP level 12. HP: 108/108 MP: 11/11
  9116 | D:12     | Reached skill level 16 in Axes
  9196 | D:13     | Found a gate to the Vaults.
  9196 | D:13     | Noticed a two-headed ogre
  9196 | D:13     | Noticed a centaur warrior
  9196 | D:13     | Noticed Urug
  9242 | D:13     | Noticed a centaur warrior
  9250 | D:13     | Shot with an arrow by a centaur warrior

Illustrated notes

Levels and vault maps discovered:
D:1:      heliophobic_arrival_battle_scene, layout_loops_ring,
          due_unseen_surprise
D:2:      layout_basic, dk_yredelemnul_ordeal
D:3:      layout_loops_cross, bloody_trog, lemuel_coloured_pillars_altar,
          general_overflow_altar, wad_floor_pattern_untrapped,
          amcnicky_mini_rare_corridor_liquid, kennysheep_generic_room_3
D:4:      black_bear_nest_1, layout_rooms
D:5:      layout_cave_pools, kennysheep_mini_moat,
          minmay_temple_entry_statues_fountains, serial_rivers,
          chequers_serial_rivers_micro_a, chequers_serial_rivers_micro_c,
          chequers_serial_rivers_micro_e, chequers_serial_rivers_micro_b,
          kennysheep_cross_bottleneck, kennysheep_path_1
D:6:      layout_basic, gammafunk_temple_overflow_pools, serial_shops,
          nicolae_shop_crystal
D:7:      layout_loops_cross, nemelex_xobeh_ov_fountains_minmay, serial_shops,
          nicolae_shop_crystal, nicolae_shop_statue_plus, kennysheep_little_box
D:8:      layout_basic
D:9:      layout_basic, erik_orc_4, tgw_kikubaaqudgha
D:10:     layout_loops_ring, erik_lair_dragon, minmay_microvault, uniq_snorg
D:11:     layout_layer_cave, gammafunk_ghost_smash
D:12:     layout_big_octagon
D:13:     layout_long_grid, david_vaults_3, minivault_15

Skill      XL: |  1  2  3  4  5  6  7  8  9 10 11 12 |
---------------+-------------------------------------+-----
Shields        | 4 5 |  5.1
Fighting       | 4 5 6 7 9 10 11 | 11.5
Armour         | 4 5 6 7 8 9 |  9.4
Axes           | 3 4 5 6 8 10 12 14 15 16 | 16.0
Evocations     | 2 3 4 6 7 8 |  8.0

Action                   |  1- 3 |  4- 6 |  7- 9 | 10-12 || total
-------------------------+-------+-------+-------+-------++-------
Melee: War axe           |    84 |   105 |   186 |   344 ||   719
       Headbutt          |    12 |    20 |    41 |   120 ||   193
Invok: Trog's Hand       |       |       |     1 |     1 ||     2
       Berserk           |       |       |       |     1 ||     1
       Brothers in Arms  |       |       |       |     1 ||     1
Evoke: Wand              |       |       |     5 |       ||     5
  Use: Scroll            |       |    13 |     5 |     6 ||    24
       Potion            |       |       |     1 |       ||     1
Armor: Scale mail        |    31 |    18 |       |       ||    49
       Chain mail        |       |    16 |     6 |       ||    22
       Ring mail         |       |       |    56 |    80 ||   136
Dodge: Dodged            |    32 |    35 |    44 |    75 ||   186
Block: Kite shield       |    41 |    60 |   118 |   200 ||   419

Table legend: (Time is in decaauts)
 A = Elapsed time spent in this place.
 B = Non-inter-level travel time spent in this place.
 C = Inter-level travel time spent in this place.
 D = Time resting spent in this place.
 E = Time spent auto-exploring this place.
 F = Levels seen in this place.
 G = Mean time per level.
                   A        B        C        D        E       F      G
               +--------+--------+--------+--------+--------+-----+--------+
         Total |   9279 |   8706 |    573 |     40 |   7071 |  13 |  713.8 |
       Dungeon |   9279 |   8706 |    573 |     40 |   7071 |  13 |  713.8 |
               +--------+--------+--------+--------+--------+-----+--------+

Top non-repeatable levels by time:
    D:11: 1298 daAuts
     D:2: 991 daAuts
    D:10: 968 daAuts
     D:8: 939 daAuts
     D:6: 782 daAuts
     D:1: 758 daAuts
     D:3: 728 daAuts
     D:7: 641 daAuts
     D:5: 596 daAuts
     D:4: 591 daAuts
     D:9: 546 daAuts
    D:12: 416 daAuts
    D:13: 19 daAuts
